Map: Acropolis LE

Players

Cris

  • Race: Terran Terran
  • Spawn Location: 11:00

red - Winner!

  • Race: Zerg Zerg
  • League: Diamond
  • Spawn Location: 5:00

VOD

Have the link to the VOD?

Description

Time

  • Played on: May 31, 2019, 5:54 p.m.
  • Length: 11:28
Show
View Real Time Build Order
Export as new Build Order

Cris Terran 

Build Orders: Reaper Expand 

Get SALT Encoding   

  12  0:01  SCV  
  13  0:13  SCV  
  14  0:17  Supply Depot  
  14  0:25  SCV  
  15  0:38  SCV  
  15  0:39  Barracks  
  16  0:43  Refinery  
  16  0:50  SCV  
  17  1:03  SCV  
  18  1:15  SCV  
  19  1:27  Orbital Command  
  19  1:28  Reaper  
  20  1:39  Command Center  
  20  1:49  Barracks  
  20  1:54  SCV  
  21  2:02  Supply Depot  
  21  2:06  SCV  
  22  2:11  Factory  
  22  2:21  SCV  
  23  2:23  Barracks Reactor  
  23  2:27  Refinery  
  23  2:33  SCV  
  24  2:37  Barracks Tech Lab  
  24  2:46  SCV  
  25  2:53  Orbital Command  
  25  2:59  Marine x2  
  25  3:00  Marine  
  25  3:04  Stimpack  
  28  3:07  SCV  
  29  3:19  SCV  
  30  3:21  SCV, Marine x3  
  34  3:32  SCV  
  34  3:34  Supply Depot  
  35  3:35  Factory Reactor  
  35  3:38  SCV  
  35  3:39  Marine x2  
  35  3:40  Marine  
  39  3:43  Starport  
  39  3:48  SCV  
  40  3:56  Supply Depot  
  40  3:58  Engineering Bay  
  40  3:59  Marine x3  
  40  4:02  SCV x2  
  45  4:14  Engineering Bay, SCV  
  46  4:21  SCV  
  46  4:22  Marine x3  
  49  4:26  SCV  
  50  4:32  Supply Depot  
  50  4:33  Supply Depot  
  50  4:34  SCV  
  50  4:36  Terran Infantry Weapons Level 1  
  51  4:38  SCV  
  51  4:39  Factory Reactor, Medivac, Marine  
  51  4:42  Medivac  
  51  4:43  Marine  
  51  4:44  Marine  
  59  4:55  SCV  
  59  4:56  SCV  
  59  4:57  Marine  
  62  5:00  Supply Depot  
  62  5:01  Marine  
  63  5:07  Marine  
  63  5:09  SCV x2  
  66  5:21  Marine x2  
  68  5:22  Widow Mine  
  68  5:27  Marine  
  71  5:28  Combat Shield  
  71  5:29  Barracks  
  71  5:30  SCV x2  
  73  5:36  Terran Infantry Armor Level 1  
  73  5:38  Widow Mine, Marine  
  73  5:40  Command Center  
  76  5:50  Marine x2  
  76  5:52  Starport Reactor, Widow Mine  
  76  5:53  Starport Tech Lab  
  76  5:56  Marine  
  81  5:59  Widow Mine  
  80  6:05  SCV x2  
  80  6:09  Refinery  
  80  6:10  Refinery  
  82  6:14  Armory  
  82  6:16  Marine x2  
  82  6:17  Marine x2  
  86  6:21  Starport Reactor  
  86  6:25  Supply Depot x2  
  86  6:28  SCV x2  
  88  6:39  Marine x2  
  90  6:40  SCV  
  91  6:55  Orbital Command, Marine  
  91  6:56  Marine  
  91  6:57  Marine  
  91  7:00  Medivac  
  91  7:01  Medivac  
  98  7:04  Marine x2  
  98  7:07  Barracks x2  
  100  7:10  Supply Depot  
  100  7:11  Supply Depot, SCV x2  
  100  7:13  Marine  
  103  7:17  Terran Infantry Weapons Level 2  
  103  7:20  Marine x2  
  103  7:22  Drilling Claws  
  105  7:23  SCV x2  
  105  7:24  SCV  
  108  7:30  Supply Depot x2  
  108  7:33  Marine  
  108  7:34  Marine x2  
  108  7:35  SCV x2  
  108  7:36  SCV  
  114  7:39  Marine x2  
  116  7:47  SCV  
  117  7:51  Marine  
  117  7:57  Marine  
  117  7:58  Marine  
  117  7:59  Marauder, Marine x4  
  117  8:04  Widow Mine  
  126  8:05  Medivac x2  
  126  8:09  Marine  
  131  8:23  Marine x2  
  131  8:25  Widow Mine, Marine x3  
  131  8:26  Marine x2  
  140  8:27  Marine  
  141  8:41  Marine x2  
  142  8:43  Medivac x2, Marine x3  
  142  8:44  Marine  
  151  9:02  Marine x4  
  152  9:03  Marine x2  
  152  9:07  Supply Depot  
  152  9:09  Supply Depot  
  157  9:11  Marine  
  157  9:12  Liberator, Marauder  
  154  9:20  Marine x2  
  156  9:24  Orbital Command  
  156  9:29  Siege Tank  
  162  9:33  Marauder  
  164  9:44  Marine x2  
  166  9:45  Marine x2  
  167  9:54  Marine  
  167  9:55  Marine, Marauder  
  143  10:01  Marine  
  143  10:02  Marine x2  
  143  10:03  Marine, Siege Tank  
  147  10:09  Marine  
  147  10:12  Marine x2  
  105  10:16  Marauder  
  105  10:18  SCV x2  
  105  10:19  Marine x2  
  105  10:20  Marine  
  110  10:21  Marine  
  110  10:27  Marine  
  111  10:30  SCV, Marine x2  
  114  10:37  Marauder, Marine  
  114  10:41  Orbital Command  
  110  10:43  Marine x3  
  113  10:52  Marine x3  
  113  10:56  Ghost Academy  
  116  10:59  Marauder  
  116  11:00  SCV x2  
  120  11:10  SCV  
  121  11:12  SCV x2  
Show
View Real Time Build Order
Export as new Build Order

red Zerg - Winner!

Build Orders: Hatch First 

Get SALT Encoding   

  12  0:01  Drone  
  13  0:13  Overlord  
  13  0:16  Drone  
  14  0:31  Drone x2  
  14  0:35  Drone  
  17  0:52  Hatchery  
  16  0:57  Drone  
  16  0:59  Drone  
  18  1:11  Extractor  
  18  1:14  Spawning Pool  
  18  1:18  Drone  
  17  1:20  Drone  
  18  1:29  Drone  
  19  1:43  Overlord  
  19  1:50  Drone  
  20  1:57  Evolution Chamber  
  20  2:01  Queen  
  19  2:02  Zergling x2  
  19  2:07  Zergling x2  
  19  2:08  Queen  
  23  2:11  Metabolic Boost  
  23  2:14  Drone  
  26  2:18  Drone  
  28  2:22  Drone  
  28  2:26  Drone  
  29  2:33  Drone  
  30  2:38  Drone  
  30  2:44  Queen  
  31  2:50  Drone  
  31  2:51  Drone  
  35  3:03  Drone  
  35  3:05  Overlord x2  
  36  3:23  Queen, Hatchery  
  36  3:26  Drone x3  
  40  3:29  Drone  
  40  3:31  Zerg Melee Weapons Level 1  
  41  3:38  Overlord  
  41  3:41  Drone  
  41  3:42  Drone  
  41  3:43  Drone  
  44  3:51  Pneumatized Carapace  
  44  3:58  Queen, Drone x3  
  44  3:59  Zergling x2  
  50  4:05  Overlord  
  50  4:06  Zergling x4  
  52  4:19  Extractor  
  52  4:20  Extractor  
  50  4:25  Baneling Nest  
  50  4:26  Overlord x3  
  50  4:28  Zergling x2  
  50  4:29  Zergling x4  
  52  4:35  Zergling x6  
  52  4:37  Drone  
  56  4:39  Drone  
  56  4:42  Drone  
  58  4:51  Drone x3  
  61  4:56  Drone  
  62  5:02  Lair  
  62  5:07  Overlord x2  
  62  5:09  Drone x3  
  62  5:11  Zergling x8  
  69  5:19  Drone  
  69  5:20  Drone x2  
  72  5:30  Baneling x4  
  72  5:31  Baneling x2  
  72  5:32  Drone x3  
  72  5:33  Drone x2  
  72  5:34  Drone x2  
  79  5:36  Drone  
  79  5:37  Drone  
  79  5:42  Overlord x3  
  81  5:44  Drone x2  
  83  5:53  Drone x3  
  85  6:03  Drone  
  85  6:04  Drone x3  
  88  6:05  Drone  
  88  6:06  Extractor, Drone x3  
  88  6:07  Extractor  
  88  6:08  Queen  
  88  6:10  Centrifical Hooks  
  93  6:12  Overlord  
  93  6:19  Hydralisk Den, Drone  
  93  6:21  Infestation Pit, Drone x2  
  93  6:24  Extractor  
  93  6:26  Drone  
  93  6:27  Evolution Chamber x2  
  93  6:28  Drone x2  
  93  6:29  Queen  
  95  6:44  Drone  
  96  7:03  Zergling x12  
  96  7:04  Zergling x10  
  96  7:07  Zerg Melee Weapons Level 2  
  96  7:08  Zerg Ground Armor Level 1  
  107  7:09  Hive  
  107  7:13  Hatchery  
  106  7:17  Zergling x2  
  106  7:18  Zergling x12  
  113  7:38  Zerg Missile Weapons Level 1  
  113  7:41  Overlord x5  
  113  7:48  Zergling x2  
  113  7:52  Overlord x4  
  107  8:26  Queen  
  109  8:33  Ultralisk Cavern  
  108  8:38  Queen  
  110  8:47  Drone  
  111  8:49  Zergling x8  
  111  8:50  Zergling x38  
  111  8:53  Baneling x13  
  111  8:54  Baneling, Queen  
  136  8:57  Zergling x2  
  136  8:58  Zergling x6  
  140  9:06  Hatchery  
  125  9:18  Baneling x10  
  125  9:21  Overseer x2  
  125  9:23  Ultralisk x3  
  125  9:24  Ultralisk x3, Overlord  
  161  9:25  Overlord x5  
  161  9:26  Zergling x2, Overlord  
  161  9:28  Zergling x2  
  163  9:44  Baneling x11  
  163  9:45  Baneling x6  
  151  10:01  Ultralisk  
  151  10:03  Zergling x2  
  137  10:19  Zergling x20  
  137  10:20  Zergling x24  
  158  10:25  Drone  
  158  10:27  Drone  
  160  10:32  Drone  
  160  10:34  Drone  
Tags
 
Add a new tag
Caveats
  • Supply blocks, unpowered buildings, or Contaminate may cause inaccurate times.
  • Supply counts are checked every 10 seconds.